 Dungeon Crawl Stone Soup version 0.32-a0-132-g2d33c3cfaf (webtiles) character file.

Game seed: 463126952402290811

104430 juan097 the Severer (level 15, -8/131 (139) HPs)
             Began as a Minotaur Fighter on Feb 9, 2024.
             Was the Champion of Makhleb.
             Killed from afar by a necromancer (30 damage)
             ... with a bolt of negative energy
             ... on level 15 of the Dungeon.
             The game lasted 01:19:53 (24689 turns).

juan097 the Severer (Minotaur Fighter)             Turns: 24689, Time: 01:19:54

HP:   -8/131 (139)  AC: 25    Str: 29    XL:     15   Next: 91%
MP:   0/22          EV: 11    Int:  5    God:    Makhleb [******]
Gold: 1250          SH: 12    Dex: 14    Spells: 12/14 levels left

rFire   + . .        a - +2 war axe (heavy)
rCold   + . .        W - +0 kite shield
rNeg    . . .        q - +2 plate armour {rC+}
rPois   +            U - +0 hat
rElec   .            T - +1 cloak {rPois}
rCorr   .            g - +2 pair of gloves {Dex+3}
SInv    .            e - -1 pair of boots "Wovubeo" {Str+2}
Will    ++...        n - amulet of guardian spirit Stlth
                     O - ring of willpower {=R}
HPRegen 0.41/turn    X - ring of protection from fire
MPRegen 0.18/turn

%: guardian spirit
@: flayed, drained
A: horns 2, retaliatory headbutt
a: Renounce Religion, Minor Destruction, Lesser Servant of Makhleb, Major
Destruction, Greater Servant of Makhleb


You were on level 15 of the Dungeon.
You worshipped Makhleb.
Makhleb was exalted by your worship.
You visited 3 branches of the dungeon, and saw 22 of its levels.
You also visited: Bailey, Gauntlet and Ice Cave.

You collected 2235 gold pieces.
You spent 985 gold pieces at shops.

Inventory:

Hand Weapons
 a - a +2 heavy war axe (weapon)
 b - a +2 hand axe of venom
 Q - a +0 broad axe
 Z - the +4 hand axe of Abluc {heavy, rPois rCorr}
   (You took it off a gnoll in a bailey)

   rPois:     It protects you from poison rCorr: It protects you from acid and
   corrosion.
Missiles
 c - 7 boomerangs (quivered)
 t - 2 atropa-tipped darts
 z - a throwing net
 B - 9 poisoned darts
 J - 3 javelins
Armour
 e - the -1 pair of boots "Wovubeo" (worn) {Str+2}
   (You found it in a Gauntlet)

   Str+2:     It affects your strength (+2).
 g - a +2 pair of gloves of dexterity (worn)
 q - a +2 plate armour of cold resistance (worn)
 T - a +1 cloak of poison resistance (worn)
 U - a +0 hat (worn)
 W - a +0 kite shield (worn)
Jewellery
 n - an amulet of guardian spirit (around neck)
 x - a ring of flight
 O - a ring of willpower (left hand) {=R}
 S - the ring "Sefemauts" {Str+2 SInv}
   (You found it in an ice cave)

   [ring of see invisible]

   Str+2:     It affects your strength (+2).
   SInv:      It lets you see invisible.
 X - a ring of protection from fire (right hand)
Wands
 y - a wand of charming (41)
 A - a wand of digging (22)
 E - a wand of light (4)
 G - a wand of mindburst (1)
 H - a wand of iceblast (24)
 I - a wand of flame (16)
Scrolls
 h - 4 scrolls of enchant weapon
 i - 2 scrolls of teleportation
 j - 6 scrolls of fear
 l - a scroll of silence
 m - 2 scrolls of revelation
 o - 2 scrolls of poison
 r - 3 scrolls of fog
 v - 4 scrolls of blinking
 C - 3 scrolls of immolation
 F - 5 scrolls of identify
 V - a scroll of summoning
Potions
 d - a potion of might
 f - 10 potions of curing
 k - 3 potions of attraction
 p - 3 potions of ambrosia
 u - 3 potions of enlightenment
 w - 3 potions of haste
 L - a potion of berserk rage
 M - 5 potions of heal wounds
 N - 3 potions of invisibility
Miscellaneous
 s - a phantom mirror
 D - a tin of tremorstones (2/2)
 R - a phial of floods
 Y - a lightning rod (4/4)


   Skills:
 + Level 14.7 Fighting
 - Level 16.0 Axes
 - Level 4.0 Ranged Weapons
 + Level 7.3 Throwing
 + Level 14.7 Armour
 + Level 9.2 Dodging
 + Level 11.0 Shields
 + Level 10.7 Invocations
 - Level 8.0 Evocations


You had 12 spell levels left.
You knew the following spells:

 Your Spells              Type           Power      Damage    Failure   Level
a - Blink                 Tloc           0%         N/A       100%        2

Your spell library contained the following spells:

 Spells                   Type           Power      Damage    Failure   Level
 Freeze                   Ice            0%         1d3       99%         1
 Magic Dart               Conj           0%         1d3       99%         1
 Shock                    Conj/Air       0%         1d3       99%         1
 Call Imp                 Summ           0%         N/A       100%        2
 Ensorcelled Hibernation  Hex/Ice        0%         N/A       100%        2
 Searing Ray              Conj           0%         2d4       100%        2
 Static Discharge         Conj/Air       0%         3-3/arc   100%        2
 Frozen Ramparts          Ice            0%         1d1       100%        3
 Fugue of the Fallen      Necr           0%         N/A       100%        3
 Hailstorm                Conj/Ice       0%         3d5       100%        3
 Ozocubu's Armour         Ice            0%         N/A       100%        3
 Passwall                 Erth           0%         N/A       100%        3
 Summon Ice Beast         Ice/Summ       0%         N/A       100%        3
 Swiftness                Air            0%         N/A       100%        3
 Airstrike                Air            0%         2d(0-16)  100%        4
 Cause Fear               Hex            0%         N/A       100%        4
 Dimensional Bullseye     Hex/Tloc       0%         N/A       100%        4
 Fulminant Prism          Conj/Alch      0%         3d5       100%        4
 Ignite Poison            Fire/Alch      0%         N/A       100%        4
 Manifold Assault         Tloc           0%         N/A       100%        4
 Olgreb's Toxic Radiance  Alch           0%         N/A       100%        4
 Sticky Flame             Fire/Alch      0%         2d4       100%        4
 Summon Lightning Spire   Summ/Air       0%         N/A       100%        4
 Metabolic Englaciation   Hex/Ice        0%         N/A       100%        5
 Summon Forest            Summ/Tloc      0%         N/A       100%        5
 Summon Mana Viper        Hex/Summ       0%         N/A       100%        5
 Summon Cactus Giant      Summ           0%         N/A       100%        6
 Enfeeble                 Hex            0%         N/A       100%        7
 Monstrous Menagerie      Summ           0%         N/A       100%        7
 Ozocubu's Refrigeration  Ice            0%         4d7       100%        7
 Discord                  Hex            0%         N/A       100%        8
 Ignition                 Fire           0%         3d3       100%        8


Dungeon Overview and Level Annotations

Branches:
Dungeon (15/15)            Temple (0/1) D:6            Lair (5/5) D:9
  Swamp (0/4) Lair:3       Spider (0/4) Lair:2        Slime (0/5) Lair:4
    Orc (2/2) D:10            Elf (0/3) Orc:2        Vaults (0/5) D:14
 Depths (0/4) D:15         Bailey (visited)           IceCv (visited)
Gauntlet (visited)

Altars:
Dithmenos
Fedhas
Gozag
Kikubaaqudgha
Makhleb
Okawaru
Qazlal
Ru
Trog
Yredelemnul
The Shining One
Jiyva

Shops:
D:1 ?   Orc:2 [*!(=

Annotations:
Lair:3 1 runed translucent door, Biped's ghost, journeyman KoFi
Lair:4 1 runed translucent door
Lair:5 exclusion: obsidian statue


Innate Abilities, Weirdness & Mutations

You have a pair of horns on your head.
You reflexively headbutt those who attack you in melee.


Message History

The quicksilver dragon zombie bites you but does no damage.
The quicksilver dragon zombie closely misses you.
You block the skeletal warrior's attack.
You slice the quicksilver dragon zombie!!
You headbutt the quicksilver dragon zombie!
The quicksilver dragon zombie is severely damaged.
You barely miss the skeletal warrior.
The quicksilver dragon zombie bites you!
You block the quicksilver dragon zombie's attack.
The skeletal warrior hits you but does no damage.
You barely miss the flayed ghost. You slash the skeletal warrior!
The skeletal warrior barely misses you. You furiously retaliate!
You headbutt the skeletal warrior! You miss the flayed ghost.
Your headbutt misses the flayed ghost. You slash the skeletal warrior!
You block the flayed ghost's attack.
The skeletal warrior hits you but does no damage.
The flayed ghost hits you!!
* * * LOW HITPOINT WARNING * * *
The skeletal warrior closely misses you.
You furiously retaliate!
You headbutt the skeletal warrior.
You destroy the skeletal warrior!
Makhleb accepts your kill.
You feel better.
The necromancer hits you but does no damage.
You barely miss the flayed ghost. You closely miss the necromancer.
The flayed ghost hits you!
* * * LOW HITPOINT WARNING * * *
The necromancer casts a spell.
The necromancer binds the souls of nearby monsters.
Okay, then.
Okay, then.
As you read the scroll of summoning, it crumbles to dust.
Wisps of shadow whirl around you...
You block the quicksilver dragon zombie's attack. x2
The flayed ghost cries, "Suffer as I suffered!"
Terrible wounds spread across more of your body!
* * * LOW HITPOINT WARNING * * *
The necromancer gestures at you while chanting.
The bolt of negative energy hits you!!!
You feel drained.
You die...

....####### .P.
......... ...P.ß...
......... .....?...
......... o.ß.....ß
<...############...ß.ß.>
....##....##........PP..
..........#...D..o..ß...
..........+...oZpWßß.ß..
..........#.....@).ß..P.
..#######..#..##.#.o....
..# ########.# ..... ...
#.. .... .... #### ###
..


You could see a flayed ghost (ally target), a necromancer, a quicksilver dragon
zombie (ally target), a friendly eight-headed hydra (summoned), a friendly orc
knight (summoned), 2 friendly orc warriors and a friendly orc (summoned).

Vanquished Creatures
  An orc warlord (Orc:1)
  3 dire elephants (Lair:5)
  A minotaur (Gauntlet)
  A fire dragon (D:14)
  5 vault guards (D:14)
  2 hydras
  2 ironbound frosthearts (IceCv)
  5 centaur warriors
  2 boulder beetles (D:11)
  6 two-headed ogres
  15 death yaks
  4 tengu warriors
  2 orc high priests
  A fire crab (Gauntlet)
  2 skeletal warriors (D:15)
  A spectral anaconda (Lair:5)
  An orb spider (Lair:2)
  A sea snake (shapeshifter) (D:14)
  3 arcanists
  A spark wasp zombie (D:15)
  A glowing orange brain (D:14)
  4 deep elf pyromancers
  4 necromancers (Lair:5)
  4 orc sorcerers
  3 orc knights (Orc:1)
  3 manticores
  A wolf spider (D:14)
  A cyclops (D:11)
  11 ugly things
  Maurice (D:9)
  15 elephants
  A moth of wrath (Gauntlet)
  8 black mambas
  An ice statue (IceCv)
  2 kobold blastminers (Orc:2)
  11 cane toads
  6 gargoyles
  A freezing wraith (D:14)
  4 rime drakes
  A dire elephant skeleton (Lair:5)
  8 komodo dragons
  8 yaktaurs
  An efreet (D:15)
  An unseen horror (D:11)
  7 trolls
  A queen bee (Gauntlet)
  3 hornets
  12 polar bears (IceCv)
  7 dream sheep (Lair:4)
  4 blink frogs
  54 yaks
  2 shadows (D:12)
  A vampire (D:9)
  6 basilisks
  A wraith (D:12)
  2 wyverns
  3 fire bats (Gauntlet)
  A yak (shapeshifter) (D:14)
  5 vampire mosquitoes (Lair:3)
  3 wargs
  3 death yak simulacra (Lair:5)
  16 water moccasins
  Duvessa (D:5)
  4 sky beasts
  2 ice beasts (D:6)
  29 orc warriors
  An elephant zombie (Lair:5)
  7 ogres
  2 black bears
  46 wolves
  11 centaurs
  An elephant skeleton (Lair:5)
  A kobold brigand (D:9)
  9 bullfrogs
  9 gnoll sergeants
  6 scorpions
  A cane toad simulacrum (Lair:5)
  13 wights
  Dowan (D:5)
  An elephant simulacrum (Lair:5)
  16 killer bees
  8 howler monkeys
  2 electric eels
  4 bombardier beetles
  2 jellies
  5 gnoll boudas
  11 orc priests
  6 hounds
  A sleepcap (D:7)
  10 iguanas
  Ijyb (D:5)
  21 orc wizards
  4 hell rats (Lair:3)
  32 gnolls
  5 adders
  2 shadow imps
  4 white imps
  4 ribbon worms (D:8)
  52 orcs
  4 ball pythons
  4 endoplasms
  5 giant cockroaches
  41 goblins
  35 hobgoblins
  A jackal (D:10)
  4 quokkas
  6 bats
  4 frilled lizards
  15 kobolds
  7 rats
752 creatures vanquished.

Vanquished Creatures (collateral kills)
  A hydra (Lair:3)
  A two-headed ogre (D:9)
  An orc high priest (Orc:2)
  An orc knight (Orc:1)
  A yak (D:9)
  A wolf (Lair:4)
  An ogre (Orc:2)
  A gnoll sergeant (Bailey)
  2 gnoll boudas (Bailey)
  2 gnolls (Bailey)
12 creatures vanquished.

Vanquished Creatures (others)
  2 orc warriors
  A gnoll (Bailey)
3 creatures vanquished.

Grand Total: 767 creatures vanquished

Notes
Turn   | Place    | Note
-------+----------+-------------------------------------------
     0 | D:1      | juan097 the Minotaur Fighter began the quest for the Orb.
     0 | D:1      | Reached XP level 1. HP: 19/19 MP: 0/0
    36 | D:1      | Reached XP level 2. HP: 14/27 MP: 1/1
   214 | D:1      | You fall into a shaft and drop 1 floor!
   274 | D:2      | Reached skill level 3 in Axes
   324 | D:2      | Reached XP level 3. HP: 31/33 MP: 2/2
   492 | D:2      | Reached XP level 4. HP: 7/41 MP: 3/3
   940 | D:1      | Found a transporter.
   942 | D:1      | Found Iklapae's Magic Scroll Shop.
  1009 | D:1      | Found a transporter.
  1305 | D:1      | Bought a scroll of teleportation for 42 gold pieces
  1305 | D:1      | Bought a scroll of identify for 28 gold pieces
  1815 | D:3      | Reached skill level 5 in Fighting
  1815 | D:3      | Reached skill level 4 in Axes
  1815 | D:3      | Reached skill level 5 in Shields
  1815 | D:3      | Reached XP level 5. HP: 48/48 MP: 4/4
  1868 | D:3      | Found a shadowy altar of Dithmenos.
  2684 | D:4      | Learned a level 2 spell: Blink
  2709 | D:4      | Reached skill level 5 in Axes
  2718 | D:4      | Reached XP level 6. HP: 57/57 MP: 5/5
  2956 | D:4      | Found a burning altar of Makhleb.
  3117 | D:4      | Reached skill level 6 in Axes
  3853 | D:1      | Bought a scroll of blinking for 105 gold pieces
  3853 | D:1      | Bought a scroll of fear for 56 gold pieces
  3853 | D:1      | Bought a scroll of identify for 28 gold pieces
  3941 | D:5      | Entered Level 5 of the Dungeon
  3987 | D:5      | Noticed Duvessa
  3994 | D:5      | Killed Duvessa
  3995 | D:5      | Reached skill level 7 in Axes
  3995 | D:5      | Reached XP level 7. HP: 61/63 MP: 6/6
  3996 | D:5      | Noticed Dowan
  4004 | D:5      | Killed Dowan
  4147 | D:5      | Reached skill level 8 in Axes
  4210 | D:5      | Reached skill level 1 in Ranged Weapons
  4210 | D:5      | Reached skill level 1 in Dodging
  4319 | D:5      | Reached XP level 8. HP: 71/71 MP: 7/7
  4563 | D:5      | Noticed Ijyb
  4576 | D:5      | Killed Ijyb
  4678 | D:4      | Became a worshipper of Makhleb the Destroyer
  4952 | D:5      | Reached skill level 5 in Armour
  5497 | D:5      | Reached * piety under Makhleb
  5498 | D:5      | Reached skill level 9 in Axes
  5585 | D:6      | Found a stormy altar of Qazlal.
  5641 | D:6      | Found a blossoming altar of Fedhas.
  5773 | D:6      | Reached XP level 9. HP: 56/80 MP: 8/8
  5850 | D:6      | Found a staircase to the Ecumenical Temple.
  5974 | D:6      | Reached skill level 10 in Axes
  6429 | D:7      | Found an iron altar of Okawaru.
  6523 | D:7      | Found a flagged portal.
  6532 | Bailey   | Entered a bailey
  6621 | Bailey   | Reached skill level 1 in Evocations
  6832 | Bailey   | Reached ** piety under Makhleb
  6939 | Bailey   | Identified the +4 hand axe of Abluc {heavy, rPois rCorr}
  7455 | D:7      | Noticed a two-headed ogre
  7473 | D:7      | Killed a two-headed ogre
  7474 | D:7      | Reached skill level 1 in Invocations
  7474 | D:7      | Reached XP level 10. HP: 90/90 MP: 8/10
  8054 | D:7      | Found an opulent altar of Gozag.
  8379 | D:8      | Reached skill level 5 in Dodging
  8388 | D:8      | Found a basalt altar of Yredelemnul.
  8485 | D:8      | Reached skill level 11 in Axes
  8812 | D:8      | Noticed a moth of wrath
  8815 | D:8      | Found a bloodstained altar of Trog.
  9047 | D:9      | Reached *** piety under Makhleb
  9306 | D:9      | Reached skill level 10 in Fighting
  9348 | D:9      | Paralysed by a hornet for 1 turns
  9352 | D:9      | Reached skill level 12 in Axes
  9683 | D:1      | Bought a scroll of vulnerability for 56 gold pieces
  9683 | D:1      | Bought a scroll of teleportation for 42 gold pieces
  9866 | D:9      | Found a staircase to the Lair.
 10193 | D:9      | Noticed a two-headed ogre
 10198 | D:9      | Noticed Maurice
 10217 | D:10     | Entered Level 10 of the Dungeon
 10227 | D:9      | Reached XP level 11. HP: 98/98 MP: 13/13
 10831 | D:9      | Killed Maurice
 10844 | D:9      | Killed a two-headed ogre
 11088 | D:10     | Reached **** piety under Makhleb
 11153 | D:10     | Found a staircase to the Orcish Mines.
 11467 | Orc:1    | Entered Level 1 of the Orcish Mines
 11522 | Orc:1    | Noticed an orc high priest
 11561 | Orc:1    | Killed an orc high priest
 11980 | Orc:1    | Noticed an orc sorcerer
 11998 | Orc:1    | Killed an orc sorcerer
 11999 | Orc:1    | Reached skill level 5 in Invocations
 12111 | Orc:1    | Reached skill level 5 in Evocations
 12231 | Orc:2    | Entered Level 2 of the Orcish Mines
 12321 | Orc:2    | Noticed an orc knight
 12325 | Orc:2    | Noticed an orc warlord
 12349 | Orc:2    | Noticed an orc knight
 12358 | Orc:1    | Reached ***** piety under Makhleb
 12376 | Orc:2    | Noticed an orc knight
 12388 | Orc:1    | Killed an orc knight
 12464 | Orc:1    | Killed an orc warlord
 12492 | Orc:1    | Killed an orc knight
 12566 | Orc:1    | Reached skill level 13 in Axes
 12659 | Orc:1    | Killed an orc knight
 12660 | Orc:1    | Reached XP level 12. HP: 73/110 MP: 15/15
 12798 | Orc:2    | Found Seaddoxu's Antique Weapon Emporium.
 12811 | Orc:2    | Found Hasufu's General Store.
 13000 | Orc:2    | Found Xociwyit's Distillery.
 13007 | Orc:2    | Bought a potion of degeneration for 17 gold pieces
 13007 | Orc:2    | Bought a potion of heal wounds for 85 gold pieces
 13008 | Orc:2    | Found Heris's Jewellery Emporium.
 13013 | Orc:2    | Noticed an orc high priest
 13021 | Orc:2    | Killed an orc high priest
 13022 | Orc:2    | Reached skill level 10 in Armour
 13039 | Orc:2    | Found Ycvaug's Antique Armour Boutique.
 13040 | Orc:2    | Noticed an orc high priest
 13050 | Orc:2    | Killed an orc high priest
 13129 | Orc:2    | Found a staircase to the Elven Halls.
 13559 | Orc:2    | Bought a potion of magic for 80 gold pieces
 13559 | Orc:2    | Bought a scroll of immolation for 40 gold pieces
 13570 | Orc:2    | Bought a potion of invisibility for 136 gold pieces
 13602 | Orc:2    | Bought a bloodstained ring mail for 270 gold pieces
 13602 | Orc:2    | Identified the +3 ring mail of the Untouchables {*Slow rN+
                  | SInv} (You bought it in a shop on level 2 of the Orcish
                  | Mines)
 13709 | Lair:1   | Entered Level 1 of the Lair of Beasts
 14246 | Lair:1   | Noticed a death yak
 14251 | Lair:1   | Noticed a death yak
 14252 | Lair:1   | Noticed a death yak
 14254 | Lair:1   | Noticed a death yak
 14256 | Lair:1   | Noticed a death yak
 14277 | Lair:1   | Killed a death yak
 14278 | Lair:1   | Reached skill level 14 in Axes
 14288 | Lair:1   | Killed a death yak
 14299 | Lair:1   | Killed a death yak
 14309 | Lair:1   | Killed a death yak
 14315 | Lair:1   | Killed a death yak
 14896 | Lair:1   | Reached XP level 13. HP: 75/118 MP: 18/18
 14899 | Lair:1   | Reached skill level 1 in Throwing
 15086 | Lair:2   | Identified the ring "Vevy Vieri" {^Contam rElec Int+7
                  | Slay+4}
 15121 | Lair:2   | Found a frozen archway.
 15127 | IceCv    | Entered an ice cave
 15703 | IceCv    | Reached ****** piety under Makhleb
 15780 | IceCv    | Identified the ring "Sefemauts" {Str+2 SInv}
 16380 | Lair:2   | Found a hole to the Spider Nest.
 16743 | Lair:3   | Found a runed translucent door.
 16836 | Lair:3   | Noticed Biped's ghost (journeyman KoFi)
 17502 | Lair:3   | Found a staircase to the Swamp.
 17858 | Lair:4   | Reached XP level 14. HP: 121/129 MP: 19/19
 18279 | Lair:4   | Reached skill level 15 in Axes
 18785 | Lair:4   | Found a runed translucent door.
 18786 | Lair:4   | Found a viscous altar of Jiyva.
 18786 | Lair:4   | Found a staircase to the Slime Pits.
 18786 | Lair:4   | Noticed an acid blob
 18845 | Lair:5   | Entered Level 5 of the Lair of Beasts
 19056 | Lair:5   | Identified the +0 ring mail of the Turtledove {rElec rF+
                  | Str-3}
 19300 | Lair:5   | Reached skill level 5 in Throwing
 19996 | Lair:5   | Reached skill level 10 in Invocations
 20902 | D:11     | Reached skill level 10 in Shields
 20902 | D:11     | Reached XP level 15. HP: 138/138 MP: 21/21
 20913 | D:11     | Found a glowing golden altar of the Shining One.
 21214 | D:12     | Reached skill level 16 in Axes
 21222 | D:12     | Found a gate leading to a gauntlet.
 21263 | Gauntlet | Entered a Gauntlet
 21263 | Gauntlet | Found a transporter.
 21263 | Gauntlet | Found a transporter.
 21263 | Gauntlet | Found a transporter.
 21263 | Gauntlet | Found a transporter.
 21268 | Gauntlet | Found a transporter.
 21277 | Gauntlet | Found a transporter.
 21292 | Gauntlet | Found a transporter.
 21299 | Gauntlet | Found a transporter.
 21317 | Gauntlet | Found a transporter.
 21325 | Gauntlet | Found a transporter.
 21343 | Gauntlet | Found a transporter.
 21400 | Gauntlet | Found a transporter.
 21493 | Gauntlet | Identified the -1 pair of boots "Wovubeo" {Str+2}
 21568 | Gauntlet | Identified the +1 helmet of the Foremost Knives {rC+ Will+
                  | Stlth+}
 21601 | Gauntlet | Identified the ring "Ajahux" {Will+ Str-4 Slay+2 Stlth+}
 21631 | Gauntlet | Got Qaen's Octavo of Malisons
 21991 | D:12     | Identified the +6 scale mail of Darkness {Int+3}
 23683 | D:14     | Found a gate to the Vaults.
 23785 | D:14     | Found an ancient bone altar of Kikubaaqudgha.
 24022 | D:15     | Entered Level 15 of the Dungeon
 24040 | D:15     | Found a sacrificial altar of Ru.
 24680 | D:15     | Found a staircase to the Depths.
 24689 | D:15     | Killed from afar by a necromancer

Illustrated notes

Levels and vault maps discovered:
D:1:      lemuel_arrival_river_ford, layout_loops_ring, serial_shops,
          nicolae_shop_drivethru
D:2:      cheibrodos_greedy_goblins, layout_loops_cross, item_on_display_b
D:3:      layout_basic, nicolae_dithmenos_the_darkroom
D:4:      minmay_goblin_kobold_castle, layout_basic,
          mainiacjoe_overflow_alcove_1
D:5:      layout_basic, chequers_serial_rivers_large_b,
          minmay_increasing_density, uniq_ijyb, uniq_duvessa
D:6:      layout_rooms, general_overflow_altar, fedhas_altar_3,
          minmay_temple_entry_enclosed_plants, st_stairs_4,
          kennysheep_generic_room_9
D:7:      layout_cave_pods, lemuel_doored_altar, okawaru_ov_weapons_minmay,
          enter_bailey_2, nicolae_houndstooth_variations
D:8:      layout_rooms, tgw_trog, mainiacjoe_overflow_cross_hatched,
          serial_curves, eino_curves_03, eino_curves_04, eino_curves_04,
          eino_curves_03
D:9:      layout_basic, kennysheep_generic_room_6, uniq_maurice
D:10:     layout_big_octagon, orc_0_dummy, serial_gnoll_camp,
          gnoll_camp_mini_loothouse, gnoll_camp_mini_sergeant,
          gnoll_camp_mini_hut, gnoll_camp_mini_basic
D:11:     layout_basic, nicolae_tso_carved_into_rock
D:12:     layout_cave_pools, gauntlet_entry_generic,
          serial_library_hellmonk_small_alcove, hangedman_abyss_or_decor_clamps
D:13:     layout_loops_ring, corexii_leaking_fountain
D:14:     layout_roguey, grunt_vaults_entry_fortified,
          kiku_gazebo_garden_becter, minivault_28
D:15:     gammafunk_depths_entry_grave, layout_gridville,
          nicolae_ru_sacrificial_ziggurat, nicolae_uskayaw_suspiria
Lair:1:   layout_small_grid, serial_bayou_shore_a, grunt_megastairs_1,
          infiniplex_staircase_pool_2
Lair:2:   layout_regular_city, nicolae_spider_entry_orb_guardian,
          portal_ice_cave_rime, lemuel_fruit_tree, grunt_megastairs_3,
          serial_bayou_shore_b
Lair:3:   layout_small_grid, minmay_swamp_entry_swarm, ebering_ghost_inner_flame
Lair:4:   layout_hall_layers, slime_entry_2, grunt_megastairs_4
Lair:5:   due_jungle_book, layout_regular_city, st_stairs_7
Orc:1:    layout_caves, nicolae_orc_bridge_out, abandoned_shop, mines1_david
Orc:2:    grunt_orc_gardens, layout_caves, grunt_orc_garden, grunt_orc_garden,
          grunt_orc_garden, grunt_orc_garden, serial_shops,
          nicolae_shop_industrial_runoff, mines1_david

Skill      XL: |  1  2  3  4  5  6  7  8  9 10 11 12 13 14 15 |
---------------+----------------------------------------------+-----
Fighting       | 4 5 6 7 8 10 11 12 13 14 | 14.7
Shields        | 4 5 6 8 10 11 | 11.0
Axes           | 3 4 5 7 8 9 10 12 13 14 15 16 | 16.0
Ranged Weapons | 1 4 |  4.0
Armour         | 4 6 7 8 9 10 11 12 14 | 14.7
Dodging        | 1 3 4 5 6 7 8 9 |  9.2
Evocations     | 2 4 5 8 |  8.0
Invocations    | 1 4 5 8 9 10 | 10.7
Throwing       | 4 6 7 |  7.3

Action                     |  1- 3 |  4- 6 |  7- 9 | 10-12 | 13-15 || total
---------------------------+-------+-------+-------+-------+-------++-------
  Melee: War axe           |    76 |    79 |     6 |       |   590 ||   751
         Headbutt          |     6 |    25 |    60 |   160 |   268 ||   519
         Hand axe          |       |   122 |   264 |   697 |   490 ||  1573
   Fire: Sling             |       |    15 |    65 |   108 |    44 ||   232
  Throw: Dart              |       |       |       |     5 |     6 ||    11
         Boomerang         |       |       |       |     7 |    50 ||    57
         Throwing net      |       |       |       |     4 |     1 ||     5
 Invoke: Lesser Servant of |       |       |       |     3 |     6 ||     9
         Minor Destruction |       |       |       |       |     3 ||     3
  Evoke: Wand              |       |       |     3 |    20 |     2 ||    25
         Lightning rod     |       |       |       |       |     6 ||     6
         Tin of tremorston |       |       |       |       |     2 ||     2
    Use: Scroll            |       |     5 |     2 |     6 |    13 ||    26
         Potion            |       |       |     1 |       |     3 ||     4
   Stab: Distracted        |       |       |       |     3 |       ||     3
         Held in net/web   |       |       |       |     1 |     2 ||     3
 Armour: Scale mail        |    42 |    57 |       |       |       ||    99
         Chain mail        |       |    75 |   159 |   199 |       ||   433
         Plate armour      |       |       |       |   248 |   881 ||  1129
  Dodge: Dodged            |    36 |    72 |   109 |   221 |   411 ||   849
  Block: Buckler           |    15 |    47 |    52 |    56 |       ||   170
         Kite shield       |       |       |       |   196 |   618 ||   814

Table legend: (Time is in decaauts)
 A = Elapsed time spent in this place.
 B = Non-inter-level travel time spent in this place.
 C = Inter-level travel time spent in this place.
 D = Time resting spent in this place.
 E = Time spent auto-exploring this place.
 F = Levels seen in this place.
 G = Mean time per level.
                   A        B        C        D        E       F      G
               +--------+--------+--------+--------+--------+-----+--------+
         Total |  24745 |  22562 |   2183 |    464 |  15979 |  25 |  989.8 |
       Dungeon |  14773 |  13246 |   1527 |    269 |   9810 |  15 |  984.9 |
          Lair |   5990 |   5568 |    422 |     64 |   4196 |   5 | 1198.0 |
  Orcish Mines |   2046 |   1813 |    233 |     52 |   1011 |   2 | 1023.0 |
        Bailey |    892 |    892 |      0 |     79 |    485 |   1 |  892.0 |
      Ice Cave |    640 |    640 |      0 |      0 |    246 |   1 |  640.0 |
      Gauntlet |    401 |    401 |      0 |      0 |    230 |   1 |  401.0 |
               +--------+--------+--------+--------+--------+-----+--------+

Top non-repeatable levels by time:
     D:4: 1489 daAuts
     D:5: 1449 daAuts
  Lair:5: 1416 daAuts
     D:9: 1361 daAuts
  Lair:1: 1318 daAuts
     D:2: 1186 daAuts
  Lair:3: 1181 daAuts
  Lair:4: 1122 daAuts
     D:8: 1063 daAuts
   Orc:2: 1034 daAuts
    D:14: 1031 daAuts
   Orc:1: 1012 daAuts
     D:6: 969 daAuts
  Lair:2: 951 daAuts
     D:7: 935 daAuts
